AoeStats
← RedPhosphoru

Arabia

508295744Analyzed
2v2 RM · 10d ago on Sep 21, 2026· 26m 57s· 4 players
Game mode
Random Map
Map size
Medium (4 player)
Population
200
Speed
Normal
Resources
Standard
Victory
Conquest
Starting age
Dark Age
Ending age
Imperial Age
RankedLock teamsTeams togetherTeam positionsShared explorationLock speedFull tech treeHidden civsTurbo modeCheats
Victory
Defeat
🇺🇸 Persians · United States
1874
+11
🇺🇸 Koreans · United States
1835
+13
🇦🇷 Hindustanis · Argentina
1756
-12
🇦🇷 Jurchens · Argentina
1755
-12
RedPhosphoru
8:05 Loom
10:02 Feudal Age
15:05 Castle Age
T90Official
5:32 Loom
8:48 Feudal Age
9:41 Double-Bit Axe
9:50 Horse Collar
16:08 Scale Barding Armor
17:13 Wheelbarrow
18:04 Bloodlines
18:40 Forging
22:47 Castle Age
22:34 Gold Mining
22:40 Light Cavalry
23:21 Husbandry
24:10 Chain Barding Armor
25:04 Heavy Plow
25:38 Bow Saw
PWLG | Legend
6:43 Loom
8:54 Feudal Age
10:03 Double-Bit Axe
12:01 Town Watch
12:47 Fletching
16:50 Wheelbarrow
17:39 Double-Bit Axe
22:40 Castle Age
22:15 Scale Barding Armor
22:43 Bloodlines
24:27 Chain Barding Armor
24:04 Gold Mining
25:02 Husbandry
26:24 Forging
the best BO's
8:33 Feudal Age
9:08 Double-Bit Axe
9:36 Loom
13:52 Forging
18:54 Horse Collar
21:50 Scale Barding Armor
24:12 Town Watch
Connection lost

Rejoining the realm…

Still unreachable

The connection could not be restored.

Session expired

The server has moved on; the page needs a fresh start.